 Dungeon Crawl Stone Soup version 0.27-a0-1529-g1e82c303ef (webtiles) character file.

Game seed: 1073356135988832932

81 Demosthentine the Poker (level 4, -5/35 HPs)
             Began as a Merfolk Gladiator on July 11, 2021.
             Slain by Natasha (6 damage)
             ... on level 2 of the Dungeon.
             The game lasted 00:01:42 (1861 turns).

Demosthentine the Poker (Merfolk Gladiator)         Turns: 1861, Time: 00:01:42

Health: -5/35      AC:  5    Str: 15    XL:     4   Next: 40%
Magic:  4/4        EV: 13    Int:  7    God:
Gold:   111        SH:  0    Dex: 15    Spells: 3/3 levels left

rFire    . . .     SeeInvis .   a - +0 trident
rCold    . . .     Faith    .   (no shield)
rNeg     . . .     Spirit   .   b - +0 leather armour
rPois    .         Reflect  .   c - +0 helmet
rElec    .         Harm     .   e - +0 cloak
rCorr    .         Rampage  .   (no gloves)
Will     .....                  (no boots)
Stlth    +.........             (no amulet)
HPRegen  0.11/turn              (no ring)
MPRegen  0.09/turn              (no ring)

@: slowed, very slow
A: (nimble swimmer 2), mertail
a: no special abilities


You were on level 2 of the Dungeon.
You visited 1 branch of the dungeon, and saw 3 of its levels.

You collected 111 gold pieces.

Inventory:

Hand Weapons
 a - a +0 trident (weapon)
Missiles
 d - 2 throwing nets (quivered)
Armour
 b - a +0 leather armour (worn)
 c - a +0 helmet (worn)
 e - a +0 cloak (worn)
Jewellery
 f - a +4 ring of slaying
 j - a ring of willpower
Potions
 g - a potion of lignification
 h - a potion of mutation {unknown}
 i - a potion of heal wounds {unknown}
 k - a potion of invisibility {unknown}
 l - a potion of magic {unknown}


   Skills:
 + Level 3.0 Fighting
 + Level 5.3 Polearms
 - Level 2.0 Throwing
 + Level 1.2 Armour
 + Level 4.8 Dodging


You had 3 spell levels left.
You didn't know any spells.
Your spell library was empty.

Dungeon Overview and Level Annotations

Branches:
Dungeon (3/15)

Altars:

Annotations:
D:2 Natasha


Innate Abilities, Weirdness & Mutations

((You are quick and stealthy near water. (Stealth+, EV+, Speed+++)))
Your lower body shifts to a powerful aquatic tail in water.


Message History

Natasha is moderately wounded.
Natasha extends her claws.
Natasha misses you. Natasha casts a spell at you. The magic dart hits you.
You closely miss Natasha.
Natasha is moderately wounded.
Natasha claws you.
You barely miss Natasha.
Natasha is moderately wounded.
Natasha mumbles some strange words.
Natasha shimmers violently.
Natasha barely misses you. Natasha casts a spell at you.
The magic dart hits you.
You puncture Natasha!
Natasha is severely wounded.
Natasha drinks a potion.
Natasha is healed!
Natasha misses you.
You hit Natasha.
Natasha is lightly wounded.
Natasha stares at you and mumbles some strange words.
The magic dart hits you!
Unknown command.
You puncture Natasha!
Natasha is severely wounded.
Natasha claws you.
* * * LOW HITPOINT WARNING * * *
Natasha barely misses you.
You barely miss Natasha.
Natasha is severely wounded.
Natasha claws you but does no damage.
Unknown command.
Throw: 3 throwing nets
Press: ? - help, Q - select action Shift-Dir - straight line, f/p - Natasha
Aim: Natasha (severely wounded, 53% to hit)
You throw a throwing net. The throwing net barely misses Natasha.
Natasha claws you.
* * * LOW HITPOINT WARNING * * *
Natasha claws you.
You die...

##
..#....#..##########
.# ##....##..##### #
.# #......#......# #
.# ##..##..##.....#
.#
#..####.^#....>#####
.# #..##
..#.......... ##
##..##..##..........
#......#..#........
##@...##. #........
#h...#..##........
.(................
..##...............
... ........#...#.#
.### ........#####.#
.. ........# #.. ..
........# ###
#########


You could see Natasha.

Vanquished Creatures
  Natasha (twice) (D:2)
  An adder (D:3)
  A dart slug (D:1)
  3 ball pythons (D:1)
  4 bats
  An endoplasm (D:2)
  4 goblins (D:1)
  A hobgoblin (D:1)
  A frilled lizard (D:3)
  3 rats
21 creatures vanquished.

Notes
Turn   | Place    | Note
-------+----------+-------------------------------------------
     0 | D:1      | Demosthentine the Merfolk Gladiator began the quest for the
                  | Orb.
     0 | D:1      | Reached XP level 1. HP: 16/16 MP: 1/1
    40 | D:1      | Found a faded altar of an unknown god.
   329 | D:1      | Reached XP level 2. HP: 22/23 MP: 2/2
   860 | D:2      | Noticed Natasha
   877 | D:2      | Killed Natasha
   878 | D:2      | Reached skill level 5 in Polearms
   878 | D:2      | Reached skill level 1 in Armour
   878 | D:2      | Reached XP level 3. HP: 3/28 MP: 3/3
  1464 | D:2      | Noticed Natasha
  1668 | D:2      | Killed Natasha
  1669 | D:2      | Reached XP level 4. HP: 35/35 MP: 4/4
  1845 | D:2      | Noticed Natasha
  1861 | D:2      | HP: 1/35 [Natasha (5)]
  1861 | D:2      | Slain by Natasha

Illustrated notes

Levels and vault maps discovered:
D:1:      onia_arrival_pyramid, layout_loops_ring,
          hellmonk_ecumenical_altar_pennies_from_heaven
D:2:      layout_basic, minmay_misc_feat_iff, minmay_strange_pillars,
          uniq_natasha, uniq_crazy_yiuf_cottage
D:3:      layout_basic, nicolae_gozag_cash_rules_everything_around_me,
          okawaru_trees_2, nemelex_dance_club_becter, serial_glass,
          glass_columns_a, glass_columns_a, glass_columns_b, glass_columns_b

Skill      XL: |  1  2  3 |
---------------+----------+-----
Polearms       | 5 |  5.3
Armour         | 1 |  1.2
Fighting       | 3 |  3.0
Throwing       | |  2.0
Dodging        | |  4.8

Action                   |  1- 3 |  4- 6 || total
-------------------------+-------+-------++-------
Melee: Trident           |    77 |    21 ||    98
Throw: Throwing net      |       |     1 ||     1
  Use: Scroll            |     1 |       ||     1
Armor: Leather armour    |    27 |     3 ||    30
Dodge: Dodged            |    39 |    11 ||    50

Table legend: (Time is in decaauts)
 A = Elapsed time spent in this place.
 B = Non-inter-level travel time spent in this place.
 C = Inter-level travel time spent in this place.
 D = Time resting spent in this place.
 E = Time spent auto-exploring this place.
 F = Levels seen in this place.
 G = Mean time per level.
                   A        B        C        D        E       F      G
               +--------+--------+--------+--------+--------+-----+--------+
         Total |   1871 |   1826 |     45 |    170 |   1344 |   3 |  623.7 |
       Dungeon |   1871 |   1826 |     45 |    170 |   1344 |   3 |  623.7 |
               +--------+--------+--------+--------+--------+-----+--------+

Top non-repeatable levels by time:
     D:1: 897 daAuts
     D:2: 719 daAuts
     D:3: 254 daAuts
